 Dungeon Crawl Stone Soup version 0.30-b1-2-g02819fbbbe (webtiles) character file.

Game seed: 1264842866237991039

2153 jordank93 the Cleaver (level 9, -6/75 HPs)
             Began as a Hill Orc Monk on May 31, 2023.
             Was a Believer of Makhleb.
             Mangled by a gargoyle
             ... wielding a +0 morningstar
              (19 damage)
             ... on level 7 of the Dungeon on June 1, 2023.
             The game lasted 00:12:59 (6216 turns).

jordank93 the Cleaver (Hill Orc Monk)               Turns: 6216, Time: 00:13:00

Health: -6/75      AC: 15    Str: 18    XL:     9   Next: 31%
Magic:  14/14      EV:  7    Int: 10    God:    Makhleb [**....]
Gold:   323        SH:  0    Dex: 13    Spells: 8/8 levels left

rFire   . . .        J - +2 hand axe (flame)
rCold   . . .        d - orb {light}
rNeg    . . .        I - +0 plate armour
rPois   +            t - +0 helmet
rElec   .            (no cloak)
rCorr   +            m - +0 pair of gloves
SInv    .            (no boots)
Will    .....        O - amulet of regeneration
Stlth   x              - ring of resist corrosion
HPRegen 1.12/turn    M - ring of poison resistance
MPRegen 0.14/turn

%: no passive effects
@: glowing
A: no striking features
a: Renounce Religion, Minor Destruction


You were on level 7 of the Dungeon.
You worshipped Makhleb.
Makhleb was pleased with you.
You visited 2 branches of the dungeon, and saw 8 of its levels.
You also visited: Ossuary.

You collected 323 gold pieces.

Inventory:

Hand Weapons
 r - a +0 hand axe of electrocution
 J - a +2 hand axe of flaming (weapon)
Armour
 d - an orb of light (worn)
 j - a +0 chain mail
 m - a +0 pair of gloves (worn)
 o - +0 steam dragon scales
 s - a +0 scale mail
 t - a +0 helmet (worn)
 G - a +2 robe of cold resistance
 I - a +0 plate armour (worn)
Jewellery
 a - a ring of ice
 x - a ring of resist corrosion (left hand)
 M - a ring of poison resistance (right hand)
 O - an amulet of regeneration (around neck)
Wands
 u - a wand of flame (37)
 C - a wand of charming (12)
 K - a wand of iceblast (5)
Scrolls
 b - a scroll of amnesia {unknown}
 f - a scroll of identify
 i - 5 scrolls of teleportation
 k - a scroll of vulnerability {unknown}
 n - a scroll of torment {unknown}
 p - 2 scrolls of enchant armour {unknown}
 q - 2 scrolls of enchant weapon {unknown}
 y - 2 scrolls of brand weapon {unknown}
 A - 3 scrolls of fog {unknown}
 B - a scroll of blinking {unknown}
 F - 3 scrolls of fear {unknown}
 L - a scroll of immolation {unknown}
 P - a scroll of poison {unknown}
Potions
 c - 2 potions of ambrosia
 e - 6 potions of haste
 g - 2 potions of attraction {unknown}
 h - 4 potions of heal wounds
 l - a potion of magic {unknown}
 w - 2 potions of curing {unknown}
 z - a potion of lignification {unknown}
 D - 3 potions of brilliance {unknown}
 E - 2 potions of cancellation {unknown}
 H - 2 potions of degeneration {unknown}
 N - a potion of invisibility {unknown}


   Skills:
 + Level 6.1 Fighting
 + Level 9.4 Axes
 + Level 5.5 Armour
 + Level 5.1 Dodging
 + Level 6.7 Invocations


You had 8 spell levels left.
You didn't know any spells.
Your spell library contained the following spells:

 Spells                   Type           Power      Damage    Failure   Level
 Call Canine Familiar     Summ           0%         N/A       100%        3
 Portal Projectile        Hex/Tloc       0%         N/A       100%        3
 Animate Dead             Necr           0%         N/A       100%        4
 Leda's Liquefaction      Hex/Erth       0%         N/A       100%        4
 Petrify                  Tmut/Erth      0%         N/A       100%        4
 Borgnjor's Vile Clutch   Necr/Erth      0%         N/A       100%        5
 Metabolic Englaciation   Hex/Ice        0%         N/A       100%        5
 Death Channel            Necr           0%         N/A       100%        6
 Statue Form              Tmut/Erth      0%         N/A       100%        6


Dungeon Overview and Level Annotations

Branches:
Dungeon (7/15)             Temple (1/1) D:6         Ossuary (visited)

Altars:
Ashenzari
Dithmenos
Elyvilon
Fedhas
Gozag
Hepliaklqana
Kikubaaqudgha
Makhleb
Nemelex Xobeh
Qazlal
Sif Muna
Trog
Uskayaw
Vehumet
Wu Jian
Xom
Yredelemnul
Zin
Beogh


Message History

The stone arrow hits you!
You hit the gargoyle. You burn the gargoyle.
The gargoyle is lightly damaged.
You hit the gargoyle but do no damage.
The gargoyle is lightly damaged.
The gargoyle hits you with a +0 morningstar.
You hit the gargoyle. You burn the gargoyle.
The gargoyle is moderately damaged.
The gargoyle hits you with a +0 morningstar!
You hit the gargoyle but do no damage.
The gargoyle is moderately damaged.
The gargoyle hits you but does no damage.
You hit the gargoyle but do no damage.
The gargoyle is moderately damaged.
The gargoyle hurls a stone arrow at you.
The stone arrow hits you!
You are too injured to fight recklessly!
You are confused.
You feel invigorated.
The gargoyle hits you with a +0 morningstar.
You are too injured to fight recklessly!
You are too injured to fight recklessly!
You hit the gargoyle. You burn the gargoyle.
The gargoyle is severely damaged.
The gargoyle barely misses you.
You bump into the rock wall.
The gargoyle hits you with a +0 morningstar!
You hit the gargoyle. You burn the gargoyle.
The gargoyle is almost destroyed.
The gargoyle hurls a stone arrow at you.
The stone arrow hits you!
* * * LOW HITPOINT WARNING * * *
You bump into the rock wall.
The gargoyle hurls a stone arrow at you.
The stone arrow hits you!!
* * * LOW HITPOINT WARNING * * *
You bump into the rock wall.
You feel less invigorated.
You feel less confused.
The gargoyle hits you with a +0 morningstar!!
You die...

#######.#
#.# #######
#.## #.....#
#..# #.....#
##.###.....#
#.........#
#####.....#
#####.# #@#
#.....9..#
#........#
#........#
#######+##


You could see a gargoyle.

Vanquished Creatures
  Sigmund (D:3)
  A steam dragon (D:7)
  2 ice beasts
  A black bear (D:6)
  3 phantoms
  2 centaurs
  2 bullfrogs
  2 scorpions
  4 killer bees (D:7)
  4 orc priests
  3 centaur zombies (Ossuary)
  A gnoll bouda (D:5)
  A sleepcap (D:5)
  3 iguanas
  Natasha (twice) (D:2)
  An orc wizard (D:5)
  Terence (D:3)
  7 mummies
  Robin (D:3)
  8 gnolls
  6 adders
  A white imp (D:7)
  3 ufetubi
  A worm (D:2)
  2 dart slugs
  11 orcs
  5 endoplasms
  3 giant cockroaches
  11 goblins
  7 hobgoblins
  2 jackals (D:5)
  10 kobolds
  A quokka (D:4)
  6 ball pythons
  8 bats
  3 frilled lizards
  2 hobgoblin zombies (Ossuary)
  6 rats
  A spectral goblin (D:1)
139 creatures vanquished.

Vanquished Creatures (others)
  A plant (D:1)
1 creature vanquished.

Grand Total: 140 creatures vanquished

Notes
Turn   | Place    | Note
-------+----------+-------------------------------------------
     0 | D:1      | jordank93 the Hill Orc Monk began the quest for the Orb.
     0 | D:1      | Reached XP level 1. HP: 19/19 MP: 1/1
   104 | D:1      | Found a faded altar of an unknown god.
   232 | D:1      | Reached XP level 2. HP: 27/27 MP: 2/2
   812 | D:2      | Reached XP level 3. HP: 25/33 MP: 3/3
  1027 | D:2      | Reached skill level 1 in Invocations
  1202 | D:2      | Reached skill level 1 in Armour
  1360 | D:2      | Noticed Natasha
  1368 | D:2      | Killed Natasha
  1369 | D:2      | Reached skill level 5 in Axes
  1369 | D:2      | Reached XP level 4. HP: 26/40 MP: 5/5
  1444 | D:2      | Noticed Natasha
  1459 | D:2      | HP: 2/40 [cerulean imp/+0 spear[Natasha] (3)]
  1460 | D:2      | Killed Natasha
  1936 | D:3      | Found an opulent altar of Gozag.
  1943 | D:3      | Found an ancient bone altar of Kikubaaqudgha.
  1951 | D:3      | Noticed Robin
  1956 | D:3      | Reached XP level 5. HP: 41/46 MP: 6/6
  1966 | D:3      | Killed Robin
  2138 | D:3      | Noticed Sigmund
  2455 | D:3      | HP: 2/46 [Sigmund/+1 scythe of freezing (1)]
  2457 | D:3      | Killed Sigmund
  2458 | D:3      | Reached skill level 6 in Axes
  2458 | D:3      | Reached XP level 6. HP: 3/52 MP: 6/8
  2663 | D:3      | Found a hazy altar of Hepliaklqana.
  2666 | D:3      | Found a shadowy altar of Dithmenos.
  2666 | D:3      | Noticed a shadow
  2666 | D:3      | Noticed Terence
  2672 | D:3      | Killed Terence
  2848 | D:3      | Reached skill level 7 in Axes
  2848 | D:3      | Reached XP level 7. HP: 55/59 MP: 9/9
  3595 | D:4      | Found a sand-covered staircase.
  3609 | Ossuary  | Entered an ossuary
  3972 | D:4      | You fall into a shaft and drop 2 floors!
  4007 | D:5      | Entered Level 5 of the Dungeon
  4113 | D:5      | Reached skill level 8 in Axes
  4119 | D:5      | Reached XP level 8. HP: 62/66 MP: 11/11
  4205 | D:5      | Reached skill level 5 in Invocations
  4902 | D:5      | Found a glowing silver altar of Zin.
  5220 | D:6      | Reached skill level 5 in Fighting
  5328 | D:6      | Found a staircase to the Ecumenical Temple.
  5359 | Temple   | Entered the Ecumenical Temple
  5602 | Temple   | Became a worshipper of Makhleb the Destroyer
  5602 | Temple   | Reached * piety under Makhleb
  5602 | Temple   | Reached ** piety under Makhleb
  5798 | D:6      | Reached skill level 5 in Armour
  5953 | D:7      | Reached skill level 9 in Axes
  5953 | D:7      | Reached XP level 9. HP: 70/74 MP: 13/13
  5983 | D:7      | Found a roughly hewn altar of Beogh.
  6019 | D:7      | Reached skill level 5 in Dodging
  6201 | D:7      | Noticed a gargoyle
  6216 | D:7      | Mangled by a gargoyle

Illustrated notes

Levels and vault maps discovered:
D:1:      minmay_arrival_up_and_down, layout_loops_ring,
          dreamdust_ecumenical_altar_drowned_temple, nrook_loot_triangle,
          serial_bayou_lagoon_b
D:2:      layout_rooms, kennysheep_nub, minivault_4, uniq_natasha
D:3:      layout_basic, riverfiend_overflow_shadow_ancestor,
          grunt_temple_overflow_open, uniq_sigmund, uniq_robin, uniq_terence
D:4:      layout_loops_ring, gup_ossuary_entry_pyramid, minmay_bisected
D:5:      layout_loops_cross, general_overflow_altar
D:6:      layout_rooms, minmay_temple_entry_wispy
D:7:      layout_basic, david_defended_altar_orc
Temple:   nicolae_temple_figure_eight

Skill      XL: |  1  2  3  4  5  6  7  8  9 |
---------------+----------------------------+-----
Fighting       | 4 5 6 |  6.1
Invocations    | 1 2 3 4 6 |  6.7
Armour         | 1 2 3 5 |  5.5
Axes           | 5 6 7 8 9 |  9.4
Dodging        | 3 4 5 |  5.1

Action                     |  1- 3 |  4- 6 |  7- 9 || total
---------------------------+-------+-------+-------++-------
  Melee: Hand axe          |   125 |    96 |   273 ||   494
    Use: Scroll            |       |       |     3 ||     3
         Potion            |       |       |     1 ||     1
 Armour: Robe              |    18 |       |       ||    18
         Leather armour    |    12 |    13 |       ||    25
         Chain mail        |     9 |       |       ||     9
         Scale mail        |       |    10 |    73 ||    83
         Plate armour      |       |       |    65 ||    65
  Dodge: Dodged            |    78 |    62 |   129 ||   269
